 Dungeon Crawl Stone Soup version 0.21.1-1-g345015f (webtiles) character file.

672 infcreate the Conjurer (level 7, -12/36 HPs)
             Began as a Deep Elf Conjurer on June 29, 2018.
             Was a Follower of Vehumet.
             Blown up by Ijyb (14 damage)
             ... with a wand of disintegration (8)
             ... on level 3 of the Dungeon.
             The game lasted 00:23:21 (2847 turns).

infcreate the Conjurer (Deep Elf Conjurer)          Turns: 2847, Time: 00:23:21

Health: -12/36     AC:  3    Str:  5    XL:     7   Next: 32%
Magic:  5/19       EV: 15    Int: 22    God:    Vehumet [*.....]
Gold:   112        SH:  0    Dex: 15    Spells: 5/19 levels left

rFire    . . .     SeeInvis .   (no weapon)
rCold    . . .     Gourm    .   (no shield)
rNeg     . . .     Faith    .   a - +0 robe
rPois    .         Spirit   .   p - +0 helmet
rElec    .         Reflect  .   (no cloak)
rCorr    .         Harm     .   (no gloves)
MR       .....                  (no boots)
Stlth    ++........             (no amulet)
HPRegen  0.12/turn              l - +2 ring of evasion
MPRegen  0.16/turn              (no ring)

@: no status effects
A: no striking features
a: Renounce Religion


You were on level 3 of the Dungeon.
You worshipped Vehumet.
Vehumet was aware of your devotion.
You were not hungry.

You visited 1 branch of the dungeon, and saw 3 of its levels.

You collected 112 gold pieces.

Inventory:

Armour
 a - a +0 robe (worn)
 p - a +0 helmet (worn)
Jewellery
 l - a +2 ring of evasion (left hand)
 n - an uncursed ring of fire
Scrolls
 e - 3 scrolls of teleportation {unknown}
 f - 2 scrolls of amnesia {unknown}
 g - 2 scrolls of enchant weapon {unknown}
 i - 3 scrolls of remove curse
 j - 3 scrolls of identify {unknown}
 k - 2 scrolls of random uselessness {unknown}
 q - a scroll of fog {unknown}
 r - 2 scrolls of blinking {unknown}
 t - a scroll of enchant armour {unknown}
Potions
 d - a potion of lignification {unknown}
 h - a potion of flight {unknown}
 m - a potion of agility {unknown}
 o - 2 potions of curing {unknown}
 s - a potion of mutation {unknown}
Books
 b - a book of Conjurations

   Spells                             Type                      Level
   a - Magic Dart                     Conjuration                  1
   b - Searing Ray                    Conjuration                  2
   c - Dazzling Spray                 Conjuration/Hexes            3
   d - Fulminant Prism                Conjuration/Hexes            4
   e - Force Lance                    Conjuration/Translocation    4
   f - Iskenderun's Mystic Blast      Conjuration                  4
Comestibles
 c - 7 rations


   Skills:
 + Level 2.8 Dodging
 + Level 3.4 Stealth
 + Level 6.7 Spellcasting
 + Level 7.9 Conjurations
 + Level 1.2 Hexes


You had 5 spell levels left.
You knew the following spells:

 Your Spells              Type           Power        Failure   Level  Hunger
a - Magic Dart            Conj           ####         1%          1    None
b - Searing Ray           Conj           #####.       1%          2    None
c - Dazzling Spray        Conj/Hex       ####..       3%          3    #......
d - Fulminant Prism       Conj/Hex       ####......   12%         4    ###....
e - Iskenderun's Mystic   Conj           #####...     3%          4    ###....


Dungeon Overview and Level Annotations

Branches:
Dungeon (3/15)

Altars:
Elyvilon
Fedhas
Gozag
Ru
Vehumet
Wu Jian
Xom

Annotations:
D:3 Ijyb; dscm's ghost, weakling OpEE


Message History

Ijyb screams, "Me kill you!"
Ijyb zaps a wand.
You are blasted!
Ijyb screams, "Me kill you!"
Ijyb zaps a wand.
You are blasted!
Dscm's ghost stares at you and mumbles some strange words.
The blast of sand hits you! Dscm's ghost casts a spell at you.
The blast of sand misses you.
Dscm's ghost stares at you and mumbles some strange words.
The blast of sand hits you!
* * * LOW HITPOINT WARNING * * *
Dscm's ghost stares at you and mumbles some strange words.
The blast of sand hits you!
* * * LOW HITPOINT WARNING * * *
Things that are here:
a dagger; a goblin skeleton Unknown command.
There is a stone staircase leading up here.
Ijyb zaps a wand.
You are blasted!
You die...

................<#
#.#.#######......#
#####...### #......#
.........#####g.....#
#..........##......#
#..........##......###
#..........##.W......#
#....).....##........#
#.....@..W.##........#
#...........g........#
#..........##........#
#############........#
#........# ##########


You could see Ijyb and dscm's ghost.

Vanquished Creatures
  Grinder (D:3)
  Sigmund (D:2)
  An ogre (D:3)
  A hound (D:2)
  Natasha (thrice) (D:2)
  Robin (D:2)
  2 adders (D:2)
  4 gnolls (D:2)
  An ooze (D:1)
  2 dart slugs (D:1)
  An orc (D:3)
  5 bats
  3 giant cockroaches
  8 hobgoblins
  4 kobolds
  2 quokkas
  3 frilled lizards
  17 goblins
  7 rats
67 creatures vanquished.

Vanquished Creatures (others)
  3 fulminant prisms
3 creatures vanquished.

Grand Total: 70 creatures vanquished

Notes
Turn   | Place    | Note
-------+----------+-------------------------------------------
     0 | D:1      | infcreate the Deep Elf Conjurer began the quest for the Orb.
     0 | D:1      | Reached XP level 1. HP: 10/10 MP: 6/6
   216 | D:1      | Reached XP level 2. HP: 15/15 MP: 2/8
   364 | D:1      | Reached skill level 5 in Conjurations
   728 | D:2      | Learned a level 2 spell: Searing Ray
   728 | D:2      | Noticed Sigmund
   789 | D:2      | Noticed Natasha
   800 | D:2      | Killed Natasha
   800 | D:2      | Reached XP level 3. HP: 12/19 MP: 1/9
  1135 | D:2      | Reached XP level 4. HP: 23/24 MP: 1/11
  1343 | D:2      | Found a shimmering altar of Xom.
  1343 | D:2      | Found a sacrificial altar of Ru.
  1348 | D:2      | Reached skill level 6 in Conjurations
  1349 | D:2      | Found an ornate altar of the Wu Jian Council.
  1349 | D:2      | Found a white marble altar of Elyvilon.
  1349 | D:2      | Found a blossoming altar of Fedhas.
  1351 | D:2      | Found a radiant altar of Vehumet.
  1352 | D:2      | Found an opulent altar of Gozag.
  1367 | D:2      | Became a worshipper of Vehumet
  1418 | D:2      | Noticed Robin
  1438 | D:2      | Killed Robin
  1438 | D:2      | Reached XP level 5. HP: 28/28 MP: 0/13
  1572 | D:2      | Learned a level 3 spell: Dazzling Spray
  1577 | D:2      | Learned a level 4 spell: Fulminant Prism
  1612 | D:2      | Killed Sigmund
  1612 | D:2      | Reached skill level 5 in Spellcasting
  1612 | D:2      | Reached XP level 6. HP: 16/32 MP: 4/15
  1634 | D:2      | Reached skill level 7 in Conjurations
  2016 | D:2      | Learned a level 4 spell: Iskenderun's Mystic Blast
  2410 | D:2      | Noticed Natasha
  2415 | D:2      | Killed Natasha
  2415 | D:2      | Noticed Natasha
  2424 | D:2      | Killed Natasha
  2564 | D:3      | Noticed Grinder
  2600 | D:3      | Killed Grinder
  2600 | D:3      | Reached * piety under Vehumet
  2600 | D:3      | Offered knowledge of Freeze by Vehumet.
  2600 | D:3      | Reached skill level 1 in Hexes
  2600 | D:3      | Reached XP level 7. HP: 36/36 MP: 3/18
  2810 | D:3      | Noticed Ijyb
  2830 | D:3      | Noticed dscm's ghost (weakling OpEE)
  2840 | D:3      | HP: 1/36 [dscm's ghost/blast of sand (4)]
  2847 | D:3      | Blown up by Ijyb

Skill      XL: |  1  2  3  4  5  6 |
---------------+-------------------+-----
Conjurations   | 5 6 7 |  7.9
Spellcasting   | 4 5 6 |  6.7
Stealth        | 3 |  3.4
Hexes          | 1 |  1.2
Dodging        | |  2.8

Action                   |  1- 3 |  4- 6 |  7- 9 || total
-------------------------+-------+-------+-------++-------
 Cast: Magic Dart        |    57 |    59 |    14 ||   130
       Searing Ray       |     2 |     3 |       ||     5
       Dazzling Spray    |       |     7 |     3 ||    10
       Iskenderun's Myst |       |     4 |     2 ||     6
       Fulminant Prism   |       |     3 |       ||     3
  Use: Scroll            |       |     1 |       ||     1
  Eat: Chunk             |     1 |     5 |     1 ||     7
Armor: Robe              |     1 |       |     1 ||     2
Dodge: Dodged            |    12 |     4 |     5 ||    21
